 Dungeon Crawl Stone Soup version 0.17-a0-15-g0155121 (console) character file.

369 Monkaria the Carver (level 6, -10/53 HPs)
             Began as a Minotaur Chaos Knight on Mar 5, 2015.
             Mangled by an ogre
             ... wielding a +0 giant spiked club
              (26 damage)
             ... on level 4 of the Dungeon.
             The game lasted 00:04:24 (3064 turns).

Monkaria the Carver (Minotaur Chaos Knight)         Turns: 3064, Time: 00:04:24

Health: -10/53     AC:  6    Str: 16    XL:     6   Next: 41%
Magic:  3/3        EV: 11    Int:  9    God:    Xom [*.....]
Gold:   222        SH:  0    Dex: 12    Spells: 0 memorised, 5 levels left

rFire  . . .     SeeInvis .     a - +0 falchion (chaos)
rCold  . . .     Clarity  .     r - +3 leather armour
rNeg   . . .     SustAb   +     (no shield)
rPois  .         Gourm    .     (helmet restricted)
rElec  .         Spirit   .     (no cloak)
rCorr  .         Warding  .     (no gloves)
rMut   .         Stasis   .     (no boots)
MR     .....                    (no amulet)
Stlth  +.........               b - ring of sustain abilities
                                p - ring of invisibility

@: not resistant to hostile enchantments, very unstealthy
A: retaliatory headbutt, horns 2
a: Renounce Religion, Evoke Invisibility


You were on level 4 of the Dungeon.
You worshipped Xom.
You were a special plaything of Xom.
You were not hungry.

You visited 1 branch of the dungeon, and saw 4 of its levels.

You collected 222 gold pieces.

Inventory:

Hand weapons
 a - a +0 falchion of chaos (weapon)
Missiles
 l - 4 needles of frenzy
Armour
 r - a +3 leather armour (worn)
Magical staves
 q - an uncursed staff of poison
Jewellery
 b - a ring of sustain abilities (right hand)
 f - an uncursed amulet of stasis
 p - a ring of invisibility (left hand)
Magical devices
 u - a wand of polymorph (4)
Scrolls
 d - 4 scrolls of identify {unknown}
 e - 3 scrolls of random uselessness {unknown}
 g - a scroll of enchant weapon {unknown}
 h - a scroll of amnesia {unknown}
 j - 2 scrolls of blinking {unknown}
 k - 2 scrolls of remove curse {unknown}
 m - a scroll of magic mapping {unknown}
 o - 2 scrolls of recharging {unknown}
Potions
 i - 2 potions of heal wounds {unknown}
 n - 4 potions of curing {unknown}
 s - a potion of haste {unknown}
 x - a potion of agility {unknown}
Books
 t - Xom's Incunabulum of the Illusory Wonders
   (Xom gifted it to you on level 4 of the Dungeon)

   Spells                             Type                      Level
   a - Repel Missiles                 Charms/Air                   2
   b - Swiftness                      Charms/Air                   2
   c - Mephitic Cloud                 Conjuration/Poison/Air       3
   d - Freezing Cloud                 Conjuration/Ice/Air          6
   e - Conjure Ball Lightning         Conjuration/Air              6
 v - a book of Enchantments

   Spells                             Type                      Level
   a - Tukima's Dance                 Hexes                        3
   b - Cause Fear                     Hexes                        4
   c - Silence                        Hexes/Air                    5
   d - Deflect Missiles               Charms/Air                   6
   e - Haste                          Charms                       6
   f - Discord                        Hexes                        8
Comestibles
 c - 3 bread rations
 w - a chunk of flesh


   Skills:
 - Level 4.3 Fighting
 + Level 8.4 Long Blades
 - Level 2.4 Armour
 - Level 1.1 Dodging


You had 5 spell levels left.
You didn't know any spells.

Dungeon Overview and Level Annotations

Branches:
Dungeon (4/15)
 Temple: D:4-7

Altars:
Cheibriados
Elyvilon
Nemelex Xobeh
Qazlal
Ru
Trog


Innate Abilities, Weirdness & Mutations

You reflexively headbutt those who attack you in melee.
You have a pair of horns on your head.


Message History

Found a mace.
x - a lumpy grey potion You see here a mace.
You now have 222 gold pieces (gained 11).
Found a stone staircase leading down.
There is a stone staircase leading down here.
Found a stone staircase leading up.
An ogre comes into view. It is wielding a giant spiked club.
The ogre shouts!
An ogre is nearby!
The ogre hits you with a giant spiked club!!
A rat comes into view.
You hit the ogre but do no damage. You headbutt the ogre.
The ogre is moderately wounded.
You hit the ogre.
The ogre flickers and vanishes!
Deactivating autopickup; reactivate with Ctrl-A.
Something hits you!
You hit something. Your headbutt misses something. Something hits you!!
You die...
Xom thinks this is hilarious!

##.## #.# #†##
#...####.## #.##
.###......# #.#. #
##.##..##########
.####.#.#)
#.##...........
.......)(.
.##.#######...
.####..##) ###.#
#.# ## #####†
#.#######.##...#.#
##....
#.>......@.......#
##.....
#########{##..<###
#...... .r# .##
#....## #### #
#...##y #....##
#..... )).._ ).).
#..


You could see a rat.

Vanquished Creatures
  The ghost of hornqvist the Covert, an average OpAs (D:3)
  A giant frog skeleton (D:4)
  3 orc wizards
  An iguana (D:4)
  2 adders (D:3)
  3 worms (D:4)
  11 orcs
  8 bats
  7 goblins
  9 hobgoblins
  4 jackals (D:2)
  6 ball pythons
  4 giant cockroaches
  3 giant geckos (D:1)
  5 giant newts
  6 kobolds
  A quokka (D:4)
  8 rats
83 creatures vanquished.

Notes
Turn   | Place    | Note
--------------------------------------------------------------
     0 | D:1      | Monkaria, the Minotaur Chaos Knight, began the quest for the Orb.
     0 | D:1      | Reached XP level 1. HP: 19/19 MP: 1/1
   155 | D:1      | Reached skill level 4 in Fighting
   233 | D:1      | Reached XP level 2. HP: 25/27 MP: 1/1
   506 | D:1      | XOM: divination: magic mapping
   826 | D:1      | XOM: cast spell 'Summon Butterflies'
   974 | D:2      | Reached XP level 3. HP: 34/34 MP: 2/2
  1085 | D:2      | XOM: harmless Necr miscast
  1112 | D:2      | XOM: enchant monster (bad)
  1130 | D:2      | Found a stormy altar of Qazlal.
  1545 | D:2      | XOM: silly message
  1587 | D:2      | XOM: silly message
  1606 | D:2      | XOM: god gift: 4 needles of frenzy
  1624 | D:2      | XOM: colour smoke trail
  1763 | D:3      | Reached skill level 5 in Long Blades
  1803 | D:3      | Found a sacrificial altar of Ru.
  1842 | D:3      | Found a sparkling altar of Nemelex Xobeh.
  1842 | D:3      | XOM: 5-stop teleportation journey
  1865 | D:3      | Noticed hornqvist's ghost (average OpAs)
  1875 | D:3      | XOM: enchant monster (good)
  1876 | D:3      | Killed hornqvist's ghost
  1876 | D:3      | Reached skill level 6 in Long Blades
  1876 | D:3      | Reached XP level 4. HP: 32/41 MP: 2/2
  1876 | D:3      | Reached XP level 5. HP: 36/47 MP: 2/2
  2006 | D:3      | Reached skill level 7 in Long Blades
  2113 | D:3      | XOM: enchant monster (good)
  2143 | D:3      | XOM: colour smoke trail
  2146 | D:3      | XOM: mild Pois miscast
  2501 | D:4      | Reached XP level 6. HP: 50/53 MP: 3/3
  2528 | D:4      | Found a white marble altar of Elyvilon.
  2629 | D:4      | Found a snail-covered altar of Cheibriados.
  2651 | D:4      | Reached skill level 8 in Long Blades
  2672 | D:4      | XOM: colour smoke trail
  2675 | D:4      | XOM: silly message
  2780 | D:4      | XOM: god gift: black book {god gift}
  2781 | D:4      | Identified Xom's Incunabulum of the Illusory Wonders (Xom gifted it to you on level 4 of the Dungeon)
  2809 | D:4      | Noticed a moth of wrath
  2827 | D:4      | Found a bloodstained altar of Trog.
  2833 | D:4      | XOM: noise
  2951 | D:4      | XOM: 3-stop teleportation journey
  3060 | D:4      | Noticed an ogre
  3064 | D:4      | Mangled by an ogre

Action                   |  1- 3 |  4- 6 || total
-------------------------+-------+-------++-------
Melee: Falchion          |   114 |   110 ||   224
 Stab: Paralysed         |     1 |       ||     1
  Eat: Chunk             |     3 |     4 ||     7
